 Dungeon Crawl Stone Soup version 0.31-a0-986-g5e6e4ef867 (webtiles) character file.

Game seed: 15906187496561777236

550 mandarbmax the Sneak (level 7, -2/36 HPs)
             Began as a Vine Stalker Brigand on Nov 9, 2023.
             Slain by a kobold brigand
             ... wielding a +0 dagger
              (5 damage)
             ... in a sewer.
             The game lasted 00:08:27 (2844 turns).

mandarbmax the Sneak (Vine Stalker Brigand)         Turns: 2844, Time: 00:08:29

Health: -2/36      AC:  5    Str: 13    XL:     7   Next: 29%
Magic:  0/8        EV: 11    Int: 11    God:
Gold:   193        SH:  0    Dex: 18    Spells: 6/6 levels left

rFire   + . .        i - +0 dagger (elec)
rCold   x . .        (no shield)
rNeg    . . .        h - +0 ring mail
rPois   .            (helmet currently unavailable)
rElec   .            c - melded +0 cloak
rCorr   .            (gloves currently unavailable)
SInv    .            (boots currently unavailable)
Will    +....        (no amulet)
Stlth   +++          s - ring "Hirank" {rF+ rC- Will+ Slay+5}
HPRegen 1.06/turn    (no ring)
MPRegen 0.11/turn

%: guardian spirit
@: beast-form, slowed, invisible, very slow
A: beast (slay +1), fangs 2, regeneration 1, magic shield, antimagic bite, no
potion heal 2
a: Begin Untransformation


You were in a sewer.
You were a hulking beast.
You visited 1 branch of the dungeon, and saw 4 of its levels.
You also visited: Sewer.

You collected 193 gold pieces.

Inventory:

Hand Weapons
 i - a +0 dagger of electrocution (weapon)
Missiles
 d - 9 poisoned darts (quivered)
 e - 3 curare-tipped darts
 k - 6 atropa-tipped darts
Armour
 b - a +0 leather armour
 c - a +0 cloak (melded)
 h - a +0 ring mail (worn)
Jewellery
 s - the ring "Hirank" (left hand) {rF+ rC- Will+ Slay+5}
   (You found it on level 3 of the Dungeon)

   [ring of willpower]

   Slay+5:    It affects your accuracy & damage with ranged weapons and melee
   (+5).
   rF+:       It protects you from fire.
   rC-:       It makes you vulnerable to cold.
   Will+:     It increases your willpower.
Talismans
 a - a beast talisman (active)
Scrolls
 f - a scroll of poison {unknown}
 g - a scroll of identify
 n - a scroll of enchant weapon {unknown}
 o - 2 scrolls of amnesia {unknown}
 t - a scroll of revelation {unknown}
Potions
 j - a potion of curing
 l - a potion of heal wounds
 m - a potion of mutation {unknown}
 p - a potion of degeneration {unknown}
 q - a potion of cancellation {unknown}
 u - a potion of brilliance {unknown}


   Skills:
 + Level 3.1 Fighting
 * Level 4.0 Short Blades
 - Level 1.7 Throwing
 + Level 2.4 Dodging
 + Level 6.1 Stealth
 * Level 3.1 Shapeshifting


You had 6 spell levels left.
You didn't know any spells.
Your spell library contained the following spells:

 Spells                   Type           Power      Damage    Failure   Level
 Static Discharge         Conj/Air       0%         3-3/arc   75%         2
 Airstrike                Air            0%         2d(0-16)  100%        4
 Summon Lightning Spire   Summ/Air       0%         N/A       100%        4


Dungeon Overview and Level Annotations

Branches:
Dungeon (4/15)              Sewer (1/1)
 Temple: D:4-7

Altars:
Yredelemnul

Shops:
D:2 :


Innate Abilities, Weirdness & Mutations

You are a hulking beast.
Your limbs bulge with bestial killing power. (Slay +1)
You have extremely sharp teeth.
Your natural rate of healing is unusually fast.
When hurt, damage is shared between your health and your magic reserves.
Your bite disrupts and absorbs the magic of your enemies.
Potions cannot restore your health.


Message History

You are too injured to fight recklessly!
Unknown command.
You are too injured to fight recklessly!
You hit the kobold brigand.
The kobold brigand is moderately wounded.
* * * LOW HITPOINT WARNING * * *
You feel very sick.
The kobold brigand hits you with a +0 dagger.
* * * LOW HITPOINT WARNING * * *
The kobold hits you but does no damage.
It was a potion of curing.
Your system rejects the healing.
You feel better.
The kobold brigand hits you but does no damage.
The kobold hits you with a +0 short sword.
* * * LOW HITPOINT WARNING * * *
Okay, then.
You hit the kobold brigand. You bite the kobold brigand. You drain its power.
You feel invigorated.
The kobold brigand is moderately wounded.
The kobold hits you with a +0 short sword.
* * * LOW HITPOINT WARNING * * *
The kobold brigand hits you with a +0 dagger.
The kobold closely misses you.
The kobold brigand hits you with a +0 dagger.
* * * LOW HITPOINT WARNING * * *
Okay, then.
Okay, then.
As you read the scroll labelled XUUNTI SUTHREA, it crumbles to dust.
It is a scroll of identify.
l - a potion of heal wounds The kobold brigand hits you with a +0 dagger.
* * * LOW HITPOINT WARNING * * *
The kobold closely misses you.
It was a potion of invisibility.
You fade into invisibility!
The kobold closely misses you.
The kobold brigand hits you with a +0 dagger.
* * * LOW HITPOINT WARNING * * *
The kobold barely misses you.
The kobold brigand hits you with a +0 dagger.
You die...

# ##### #≈ #### ##...###
#≈≈#########..###......#
#≈≈#!.#..#............†.
#≈≈#.....#..............
#.Kh)'..............
#≈≈#..)K.#.~~.~~~.~.....
#≈≈#!.#..#~≈≈≈≈≈~≈.~....
#≈≈#######≈≈≈≈≈≈≈~≈≈~..~
#≈ #≈≈≈≈≈≈≈≈≈≈≈~~~ #
≈≈≈≈≈≈≈≈≈≈≈≈≈≈~
≈#≈≈≈≈≈≈≈≈≈≈≈≈≈~
≈≈≈≈≈≈≈~≈~


You could see a kobold brigand (unable to see you) and a kobold (unable to see
you).

Vanquished Creatures
  Grinder (D:3)
  Blork the orc (D:4)
  A jelly (D:4)
  Jessica (D:3)
  A sleepcap (D:4)
  An orc wizard (D:2)
  3 gnolls (D:4)
  4 adders (D:4)
  A river rat (Sewer)
  A worm (D:2)
  A dart slug (D:1)
  4 orcs (D:2)
  8 endoplasms
  4 giant cockroaches
  6 goblins
  7 hobgoblins
  6 jackals
  8 kobolds
  2 quokkas
  12 ball pythons
  7 bats
  5 frilled lizards
  16 rats
101 creatures vanquished.

Notes
Turn   | Place    | Note
-------+----------+-------------------------------------------
     0 | D:1      | mandarbmax the Vine Stalker Brigand began the quest for the
                  | Orb.
     0 | D:1      | Reached XP level 1. HP: 11/11 MP: 2/2
   285 | D:1      | Reached skill level 1 in Dodging
   285 | D:1      | Reached XP level 2. HP: 15/15 MP: 3/3
   336 | D:1      | Reached skill level 5 in Stealth
   597 | D:1      | Reached XP level 3. HP: 16/18 MP: 2/4
  1105 | D:2      | Found Ivenuatt's Book Boutique.
  1177 | D:2      | Found a basalt altar of Yredelemnul.
  1552 | D:2      | Reached skill level 1 in Shapeshifting
  1552 | D:2      | Reached XP level 4. HP: 6/23 MP: 1/5
  1728 | D:3      | Noticed Jessica
  1734 | D:3      | Killed Jessica
  1735 | D:3      | Reached XP level 5. HP: 27/27 MP: 6/6
  1832 | D:3      | Identified the ring "Hirank" {rF+ rC- Will+ Slay+5}
  1899 | D:3      | Noticed Grinder
  1909 | D:3      | Killed Grinder
  1910 | D:3      | Reached XP level 6. HP: 32/32 MP: 7/7
  2208 | D:4      | Noticed Blork the orc
  2213 | D:4      | Killed Blork the orc
  2214 | D:4      | Reached skill level 6 in Stealth
  2214 | D:4      | Reached XP level 7. HP: 21/36 MP: 4/8
  2595 | D:4      | Found a glowing drain.
  2734 | Sewer    | Entered a sewer
  2844 | Sewer    | Slain by a kobold brigand

Illustrated notes

Levels and vault maps discovered:
D:1:      amcnicky_arrival_single_pillar, layout_loops_corners
D:2:      layout_loops_ring, serial_shops, shop, basic_altar,
          kennysheep_generic_room_14
D:3:      layout_rooms, serial_bayou_ford_a, uniq_jessica, uniq_grinder
D:4:      layout_cave_pools, mainiacjoe_sewer_entry_somewhere_in_here_2,
          uniq_blork_the_orc
Sewer:    sewer_minmay_treatment

Skill      XL: |  1  2  3  4  5  6  7 |
---------------+----------------------+-----
Short Blades   | 2 3 4 |  4.0
Dodging        | 1 2 |  2.4
Stealth        | 5 6 |  6.1
Fighting       | 2 3 |  3.1
Shapeshifting  | 1 2 3 |  3.1
Throwing       | |  1.7

Action                     |  1- 3 |  4- 6 |  7- 9 || total
---------------------------+-------+-------+-------++-------
  Melee: Dagger            |    94 |    64 |    53 ||   211
         Bite              |    23 |     9 |    12 ||    44
         Punch             |     3 |       |     1 ||     4
    Use: Potion            |     2 |       |     2 ||     4
         Scroll            |       |       |     1 ||     1
   Stab: Sleeping          |    13 |     5 |     1 ||    19
 Armour: Ring mail         |    50 |    48 |    36 ||   134
  Dodge: Dodged            |    45 |    42 |    36 ||   123
   Form: Beast             |     1 |       |       ||     1

Table legend: (Time is in decaauts)
 A = Elapsed time spent in this place.
 B = Non-inter-level travel time spent in this place.
 C = Inter-level travel time spent in this place.
 D = Time resting spent in this place.
 E = Time spent auto-exploring this place.
 F = Levels seen in this place.
 G = Mean time per level.
                   A        B        C        D        E       F      G
               +--------+--------+--------+--------+--------+-----+--------+
         Total |   2855 |   2721 |    134 |     40 |   2089 |   5 |  571.0 |
       Dungeon |   2746 |   2612 |    134 |     40 |   2030 |   4 |  686.5 |
         Sewer |    108 |    108 |      0 |      0 |     59 |   1 |  108.0 |
               +--------+--------+--------+--------+--------+-----+--------+

Top non-repeatable levels by time:
     D:1: 960 daAuts
     D:4: 675 daAuts
     D:2: 651 daAuts
     D:3: 459 daAuts
   Sewer: 108 daAuts
